 Dungeon Crawl Stone Soup version 0.30.0-29-ga12c61a403 (webtiles) character file.

Game seed: 6012854511431005576

378 cheesebisquit the Grave Robber (level 6, -1/32 HPs)
             Began as a Deep Elf Necromancer on June 7, 2023.
             Slain by a kobold brigand
             ... wielding a +0 dagger of venom
              (7 damage)
             ... in a sewer.
             The game lasted 00:10:19 (2995 turns).

cheesebisquit the Grave Robber (DENe)               Turns: 2995, Time: 00:10:20

Health: -1/32      AC:  2    Str:  5    XL:     6   Next: 45%
Magic:  8/17       EV: 12    Int: 22    God:
Gold:   142        SH:  0    Dex: 15    Spells: 1/18 levels left

rFire   . . .        (no weapon)
rCold   . . .        (no shield)
rNeg    . . .        a - +0 robe
rPois   .            (no helmet)
rElec   .            (no cloak)
rCorr   .            (no gloves)
SInv    .            (no boots)
Will    +....        (no amulet)
Stlth   ++           (no ring)
HPRegen 0.25/turn    (no ring)
MPRegen 0.15/turn

%: no passive effects
@: mighty, brilliant, lethally poisoned (-1 -> -18), attractive, flying, slowed,
very slow
A: strong-willed 1
a: no special abilities


You were in a sewer.
You visited 1 branch of the dungeon, and saw 3 of its levels.
You also visited: Sewer.

You collected 142 gold pieces.

Inventory:

Missiles
 g - 15 poisoned darts
 q - a curare-tipped dart
Armour
 a - a +0 robe (worn)
 j - a +0 plate armour of poison resistance
Scrolls
 m - a scroll of noise {unknown}
 o - a scroll of brand weapon {unknown}
 p - a scroll of fear {unknown}
 r - a scroll of identify {unknown}
Potions
 b - a potion of magic
 c - 2 potions of might
 d - 4 potions of heal wounds
 e - 2 potions of mutation
 f - a potion of brilliance
 h - 5 potions of curing
 n - a potion of invisibility {unknown}
 s - a potion of haste {unknown}
 t - a potion of cancellation {unknown}


   Skills:
 - Level 2.4 Dodging
 - Level 2.4 Stealth
 + Level 6.8 Spellcasting
 + Level 7.5 Necromancy


You had one spell level left.
You knew the following spells:

 Your Spells              Type           Power      Damage    Failure   Level
a - Necrotise             Necr           100%       1d9       1%          1
b - Vampiric Draining     Necr           57%        2d10      1%          3
c - Animate Dead          Necr           57%        N/A       3%          4
d - Anguish               Hex/Necr       18%        N/A       19%         4
e - Agony                 Necr           57%        N/A       11%         5

Your spell library contained the following spells:

 Spells                   Type           Power      Damage    Failure   Level
 Ensorcelled Hibernation  Hex/Ice        22%        N/A       13%         2
 Spider Form              Tmut/Pois      11%        N/A       26%         3
 Vhi's Electric Charge    Tloc/Air       22%        N/A       26%         3
 Arcjolt                  Conj/Air       5%         1d15      93%         5
 Plasma Beam              Fire/Air       5%         2x1d17    100%        6


Dungeon Overview and Level Annotations

Branches:
Dungeon (3/15)              Sewer (1/1)

Altars:


Innate Abilities, Weirdness & Mutations

You are strong-willed. (Will+)


Message History

Found a potion of might.
The kobold brigand is attracted toward you. x2
You feel a surge of power!
The kobold brigand shouts!
The kobold brigand writhes in agony!
The kobold brigand closely misses you.
You feel a surge of power!
The kobold brigand writhes in agony.
The kobold brigand barely misses you.
You feel a surge of power!
The kobold brigand writhes in agony.
The kobold brigand barely misses you.
You feel a surge of power!
The kobold brigand writhes in agony.
The kobold brigand closely misses you.
You feel a surge of power!
The kobold brigand writhes in agony!
The kobold brigand hits you with a +0 club.
You feel a surge of power!
The kobold brigand barely resists.
The kobold brigand closely misses you.
You feel a surge of power!
The kobold brigand writhes in agony.
The kobold brigand hits you with a +0 club!
You feel a surge of power!
The kobold brigand barely resists.
The kobold brigand misses you.
You feel a surge of power!
The kobold brigand writhes in agony.
You kill the kobold brigand!
You hear a splash. x2
The dead are walking!
The kobold brigand throws a curare-tipped dart.
The curare-tipped dart hits you.
You are poisoned.
You have difficulty breathing.
You feel yourself slow down.
The kobold brigand is attracted toward you.
You are too injured to fight recklessly!
Aiming: Necrotise (safe; 1% risk of failure)
Press: ? - help, Q - select action, (/) - cycle Shift-Dir - straight line, f - kobold brigand
Aim: a kobold brigand, wielding a +0 dagger of venom and quivering curare-tipped darts (ally target, chance to affect: 83%)
You feel a surge of power!
The kobold brigand writhes in agony.
* * * LOW HITPOINT WARNING * * *
You feel very sick.
The kobold brigand hits you with a +0 dagger of venom.
* * * LOW HITPOINT WARNING * * *
You are more poisoned.
The kobold brigand hits you with a +0 dagger of venom!
You die...

# ##~## ##~## ##### ## ##.~.##
##~..## ##.~.##
.####.~.~~#####~..~.####..~.~#
.~~~~..∩.~≈≈≈≈≈~....~~~~.....#
.####.~~~.#####~~...####....~#
## ##.~~##***##~~.## ##~~~## #
##≈####~**##≈## ##~##
#≈###.!.###≈# #~#
#≈##~?∩?ZK@≈# #~#
#≈###.!.###≈# #~# #
##≈####~**##≈## ##~## ##
##.~~##***##.~.## ##...##
~####~.~.~#####.~...####~....#
)~~)~....~≈≈≈≈≈~.∩~.~~~~)~...#
.####....~#####.~.∩.####.~~..#
## ##...## ##~..## ##..~## #
##~## ##~## #####


You could see a kobold brigand (ally target) and a friendly kobold brigand
skeleton.

Vanquished Creatures
  3 kobold brigands (Sewer)
  9 adders
  5 worms
  2 dart slugs
  5 orcs (D:3)
  5 endoplasms
  A giant cockroach (D:3)
  3 goblins (D:1)
  3 hobgoblins
  3 jackals (D:1)
  4 quokkas (D:3)
  11 ball pythons
  4 bats
  A frilled lizard (D:1)
  6 kobolds
  5 rats
70 creatures vanquished.

Vanquished Creatures (collateral kills)
  An endoplasm (Sewer)
  A giant cockroach (D:1)
  A kobold (Sewer)
3 creatures vanquished.

Grand Total: 73 creatures vanquished

Notes
Turn   | Place    | Note
-------+----------+-------------------------------------------
     0 | D:1      | cheesebisquit the Deep Elf Necromancer began the quest for
                  | the Orb.
     0 | D:1      | Reached XP level 1. HP: 10/10 MP: 6/6
   172 | D:1      | Reached skill level 5 in Necromancy
   335 | D:1      | Reached XP level 2. HP: 15/15 MP: 2/8
  1081 | D:2      | Reached XP level 3. HP: 19/19 MP: 7/10
  1404 | D:2      | Found a faded altar of an unknown god.
  1602 | D:2      | Reached XP level 4. HP: 24/24 MP: 10/12
  1631 | D:2      | Learned a level 3 spell: Vampiric Draining
  1636 | D:2      | Learned a level 4 spell: Animate Dead
  1641 | D:2      | Learned a level 4 spell: Anguish
  1945 | D:3      | Reached skill level 6 in Necromancy
  2097 | D:3      | Reached skill level 5 in Spellcasting
  2306 | D:3      | Found a glowing drain.
  2311 | Sewer    | Entered a sewer
  2475 | Sewer    | Reached XP level 5. HP: 28/28 MP: 11/14
  2578 | Sewer    | Reached skill level 7 in Necromancy
  2578 | Sewer    | Reached XP level 6. HP: 17/32 MP: 9/17
  2584 | Sewer    | Learned a level 5 spell: Agony
  2979 | Sewer    | Gained mutation: You are strong-willed. (Will+) [potion of
                  | mutation]
  2995 | Sewer    | Slain by a kobold brigand

Illustrated notes

Levels and vault maps discovered:
D:1:      giann_forest_graveyard, layout_basic, minivault_27,
          minmay_misc_feat_enclosed
D:2:      layout_basic, shapermc_ecumenical_altar_acropolis,
          minmay_misc_feat_nine_boxes
D:3:      layout_basic, tso_oasis_becter, gup_sewer_entry_spiral,
          grunt_decor_arrowhead
Sewer:    sewer_co_15_rooms

Skill      XL: |  1  2  3  4  5 |
---------------+----------------+-----
Necromancy     | 5 6 7 |  7.5
Spellcasting   | 4 5 6 |  6.8
Dodging        | |  2.4
Stealth        | |  2.4

Action                     |  1- 3 |  4- 6 || total
---------------------------+-------+-------++-------
  Melee: Unarmed           |     1 |       ||     1
   Cast: Necrotise         |    56 |   111 ||   167
    Use: Potion            |       |     7 ||     7
         Scroll            |       |     1 ||     1
 Armour: Robe              |     2 |     3 ||     5
  Dodge: Dodged            |     8 |    20 ||    28
